 Dungeon Crawl Stone Soup version 0.31.0-12-g77e489cdc1 (webtiles) character file.

Game seed: 6883512270176804706

153 Gadfly the Insei (level 5, 28/41 HPs)
             Began as a Demonspawn Monk on Feb 13, 2024.
             Quit the game on level 3 of the Dungeon.
             The game lasted 00:03:12 (2576 turns).

Gadfly the Insei (Demonspawn Monk)                  Turns: 2576, Time: 00:03:13

Health: 28/41      AC:  2    Str: 19    XL:     5   Next: 12%
Magic:  5/5        EV: 13    Int: 11    God:
Gold:   136        SH:  0    Dex: 15    Spells: 4/4 levels left

rFire   . .          .
                       - Unarmed
rCold   . . .        c - orb {light}
rNeg    . . .        a - +0 robe
rPois   +            (no helmet)
rElec   .            (no cloak)
rCorr   .            (no gloves)
SInv    .            (no boots)
Will    .....        (no amulet)
Stlth   +            e - +6 ring of strength
HPRegen 0.26/turn    g - ring of poison resistance
MPRegen 0.18/turn

%: no passive effects
@: glowing
A: foul stench 2, magic regeneration
a: no special abilities


You were on level 3 of the Dungeon.
You visited 1 branch of the dungeon, and saw 3 of its levels.

You collected 136 gold pieces.

Inventory:

Hand Weapons
 h - a +3 short sword
Armour
 a - a +0 robe (worn)
 c - an orb of light (worn)
Jewellery
 e - a +6 ring of strength (left hand)
 g - a ring of poison resistance (right hand)
Wands
 l - a wand of charming (4)
Scrolls
 i - 2 scrolls of teleportation
 m - a scroll of silence {unknown}
 o - a scroll of revelation {unknown}
Potions
 b - a potion of ambrosia
 d - a potion of lignification {unknown}
 f - a potion of cancellation
 j - a potion of heal wounds {unknown}
 k - a potion of curing {unknown}
 n - a potion of mutation {unknown}


   Skills:
 - Level 3.0 Fighting
 + Level 3.2 Dodging
 * Level 3.7 Unarmed Combat
 * Level 2.3 Evocations
 * Level 1.8 Shapeshifting


You had 4 spell levels left.
You didn't know any spells.
Your spell library was empty.

Dungeon Overview and Level Annotations

Branches:
Dungeon (3/15)

Altars:
Ashenzari
Qazlal
Vehumet

Shops:
D:1 ?

Annotations:
D:3 3 runed translucent doors, Pestilence's ghost, weakling OpHW


Innate Abilities, Weirdness & Mutations

You sometimes emit foul miasma when damaged in melee.
You regenerate magic rapidly.


Message History

No target in view!
No target in view!
No target in view!
No target in view!
o - a scroll labelled KUPYID HAXKO
Found a robe.
Found a flail.
You open the door.
There is an open door here.
There is an open door here.
Found a robe.
No target in view!
No target in view!
No target in view!
You see here a +0 robe.
Found a stone staircase leading up.
There is a stone staircase leading up here.
As you open the door, it creaks loudly!
A gnoll and 2 hounds come into view.
The hound barks!
The gnoll shouts!
The hound barks!
There are monsters nearby!
You hit the hound.
The hound is lightly wounded.
A gnoll opens the door.
The hound bites you.
You hit the hound.
The hound is moderately wounded.
The hound bites you.
You emit a cloud of foul miasma!
You hit the hound.
The hound is heavily wounded.
The hound is engulfed in dark miasma.
The hound is poisoned.
The hound bites you but does no damage.
The gnoll hits you from afar with a +0 spear.
The hound is engulfed in dark miasma.
The hound looks even sicker.
The hound seems to slow down.
You kill the hound!
You have reached level 5!
Your demonic ancestry asserts itself...
Your magic begins to regenerate rapidly.
There is a stone staircase leading up here.
Are you sure you want to abandon this character and quit the game? (Confirm with "yes".)

#...#.##...............#..
#...#.####..#...#......#..
#####.........#####....#..
########.#..# # #....#..
...........P#'#+########
...#####....°g..# #
#...P#...######## ###....#
..#.......
#.@....#####...####
#.##.#.##..#.......
###########.##.#.##(.#.#.#.#.
###
#.......>.#.##...##..#.#.#.#.
..#
#.#######.#.#######..#.#.###.
#.###.#
#...#.#######..#.......
#.....#
#.###.......#..###.####
#..####
###.#########.#....#.# ...#
#.............##.#.#.# #


You could see a gnoll.

Vanquished Creatures
  A hound (D:3)
  An iguana (D:3)
  5 adders
  A dart slug (D:1)
  A ribbon worm (D:3)
  5 endoplasms
  2 giant cockroaches
  3 goblins
  4 hobgoblins
  4 jackals (D:2)
  6 quokkas
  5 ball pythons
  A frilled lizard (D:1)
  5 kobolds
  5 rats
49 creatures vanquished.

Notes
Turn   | Place    | Note
-------+----------+-------------------------------------------
     0 | D:1      | Gadfly the Demonspawn Monk began the quest for the Orb.
     0 | D:1      | Reached XP level 1. HP: 18/18 MP: 1/1
   304 | D:1      | Gained mutation: You may rarely emit foul miasma when
                  | damaged in melee. [demonic ancestry]
   304 | D:1      | Reached XP level 2. HP: 15/24 MP: 2/2
   873 | D:1      | Found Qoyghun's Magic Scroll Shoppe.
  1027 | D:2      | Reached skill level 1 in Evocations
  1097 | D:2      | Reached skill level 1 in Shapeshifting
  1152 | D:2      | Gained mutation: You sometimes emit foul miasma when
                  | damaged in melee. [demonic ancestry]
  1152 | D:2      | Reached XP level 3. HP: 28/29 MP: 3/3
  1455 | D:2      | Reached XP level 4. HP: 35/35 MP: 4/4
  2097 | D:3      | Found a radiant altar of Vehumet.
  2097 | D:3      | Found a broken altar of Ashenzari.
  2111 | D:3      | Noticed Pestilence's ghost (weakling OpHW)
  2113 | D:3      | Found a runed translucent gate.
  2114 | D:3      | Found a runed translucent gate.
  2115 | D:3      | Found a runed translucent gate.
  2510 | D:3      | Found a stormy altar of Qazlal.
  2572 | D:3      | Gained mutation: You regenerate magic rapidly. [demonic
                  | ancestry]
  2572 | D:3      | Reached XP level 5. HP: 27/41 MP: 5/5
  2576 | D:3      | Quit the game

Illustrated notes

Levels and vault maps discovered:
D:1:      minmay_arrival_stair_chambers, layout_basic, serial_shops,
          nicolae_shop_rolled_up, serial_forest, infiniplex_forest_clump_large,
          infiniplex_forest_clump_small, infiniplex_forest_straight_3,
          infiniplex_forest_straight_2, infiniplex_forest_clump_double,
          infiniplex_forest_clump_small, infiniplex_forest_fountain,
          infiniplex_forest_clump_double
D:2:      layout_basic
D:3:      layout_basic, nicolae_qazlal_general_emergency, zin_treasury,
          gammafunk_temple_overflow_elements, gammafunk_ghost_split,
          cheibrodos_gnoll_hut, uniq_crazy_yiuf_cottage

Skill      XL: |  1  2  3  4 |
---------------+-------------+-----
Unarmed Combat | 3 |  3.7
Evocations     | 1 2 |  2.3
Shapeshifting  | 1 |  1.8
Dodging        | 3 |  3.2
Fighting       | |  3.0

Action                     |  1- 3 |  4- 6 || total
---------------------------+-------+-------++-------
  Melee: Unarmed           |    97 |    54 ||   151
    Use: Scroll            |     4 |       ||     4
 Armour: Robe              |    39 |    25 ||    64
  Dodge: Dodged            |    64 |    28 ||    92
